 Dungeon Crawl Stone Soup version 0.22-a0-322-g60b3cfd (webtiles) character file.

11 4thArraOfDagon the Conjurer (level 2, 0/25 HPs)
             Began as a Hill Orc Conjurer on Apr 5, 2018.
             Slain by a bullfrog skeleton (4 damage)
             ... on level 4 of the Dungeon.
             The game lasted 00:02:15 (333 turns).

4thArraOfDagon the Conjurer (Hill Orc Conjurer)      Turns: 333, Time: 00:02:16

Health: 0/25       AC:  1    Str:  9 (10) XL:     2   Next: 29%
Magic:  0/4        EV: 12    Int: 19 (20) God:
Gold:   43         SH:  0    Dex:  8 (11) Spells: 3/4 levels left

rFire    . . .     SeeInvis .   j - +0 mace
rCold    . . .     Gourm    .   (no shield)
rNeg     . . .     Faith    .   a - +0 robe
rPois    .         Spirit   .   (no helmet)
rElec    +         Reflect  .   (no cloak)
rCorr    .         Harm     .   (no gloves)
MR       .....     Rnd*Rage +   (no boots)
Stlth    +.........             (no amulet)
HPRegen  0.08/turn              (no ring)
MPRegen  0.09/turn              (no ring)

@: brilliant
A: berserk 1, deformed body, electricity resistance
a: no special abilities


You were on level 4 of the Dungeon.
You were not hungry.

You visited 1 branch of the dungeon, and saw 4 of its levels.

You collected 43 gold pieces.

Inventory:

Hand Weapons
 j - a +0 mace (weapon)
Armour
 a - a +0 robe (worn)
Scrolls
 b - 2 scrolls of identify {unknown}
 d - a scroll of enchant armour {unknown}
 f - a scroll of fear {unknown}
 g - a scroll of amnesia {unknown}
 h - a scroll of remove curse {unknown}
 i - a scroll of enchant weapon {unknown}
 m - a scroll of blinking {unknown}
Comestibles
 c - a ration


   Skills:
 + Level 2.3 Fighting
 - Level 1.5 Dodging
 - Level 1.5 Stealth
 - Level 1.5 Spellcasting
 - Level 4.0 Conjurations


You had 3 spell levels left.
You knew the following spells:

 Your Spells              Type           Power        Failure   Level  Hunger
a - Magic Dart            Conj           ####         1%          1    ##.....


Dungeon Overview and Level Annotations

Branches:
Dungeon (4/15)
 Temple: D:4-7

Altars:
Sif Muna

Annotations:
D:3 Vajrapani's ghost, amateur OpWn


Innate Abilities, Weirdness & Mutations

You tend to lose your temper in combat.
Armour fits poorly on your strangely shaped body.
You are resistant to electric shocks. (rElec)


Message History

The bullfrog skeleton closely misses you.
Unknown command.
Casting: Magic Dart (safe; 1% risk of failure)
Confirm with . or Enter, or press ? or * to list all spells.
Aiming: Magic Dart (safe; 1% risk of failure)
Press: ? - help, Shift-Dir - straight line, f/p - bullfrog skeleton
Aim: a bullfrog skeleton (heavily damaged)
The magic dart hits the bullfrog skeleton.
The bullfrog skeleton is severely damaged.
The bullfrog skeleton hits you.
* * * LOW HITPOINT WARNING * * *
Casting: Magic Dart (safe; 1% risk of failure)
Confirm with . or Enter, or press ? or * to list all spells.
Aiming: Magic Dart (safe; 1% risk of failure)
Press: ? - help, Shift-Dir - straight line, f/p - bullfrog skeleton
Aim: a bullfrog skeleton (severely damaged)
The magic dart hits the bullfrog skeleton.
The bullfrog skeleton is almost destroyed.
The bullfrog skeleton hits you.
You die...

#.. ..# #.# #.# ##.#
# #..#.# #.##.#
#####Z#..##. ..
#...@........
##.<####.##..#......
##...#.....>.........
#...#######.>##.#####
#.#(#####...## .#
#.........#.# #
#.#.#.......#
#.....####### #....##


You could see a bullfrog skeleton.

Vanquished Creatures
  A leopard gecko (D:4)
  3 bats
  A giant cockroach (D:1)
  A frilled lizard (D:3)
  2 kobolds
  3 rats
11 creatures vanquished.

Notes
Turn   | Place    | Note
-------+----------+-------------------------------------------
     0 | D:1      | 4thArraOfDagon the Hill Orc Conjurer began the quest for the Orb.
     0 | D:1      | Reached XP level 1. HP: 14/14 MP: 3/3
    20 | D:1      | 4thArraOfDagon: yea, should be easy
    55 | D:1      | Reached skill level 1 in Fighting
   108 | D:2      | Found a deep blue altar of Sif Muna.
   169 | D:2      | Sergey: tomb with necromutation,infestation and bvc was pretty easy
   178 | D:3      | Reached XP level 2. HP: 24/24 MP: 0/4
   246 | D:3      | 4thArraOfDagon: oh, never tried infestation
   246 | D:3      | Sergey: man, why
   246 | D:3      | 4thArraOfDagon: I guess scarabs do their job fairly good?
   247 | D:3      | Sergey: it is the best spell
   257 | D:3      | Noticed Vajrapani's ghost (amateur OpWn)
   286 | D:4      | Sergey: definitly one of the best
   328 | D:4      | Gained mutation: Armour fits poorly on your strangely shaped body. [potion of mutation]
   328 | D:4      | Gained mutation: You tend to lose your temper in combat. [potion of mutation]
   328 | D:4      | Gained mutation: You are resistant to electric shocks. (rElec) [potion of mutation]
   333 | D:4      | Slain by a bullfrog skeleton

Vault maps used:
D:1:      ncdulo_smallfort, supply_closet_lemuel
D:2:      overflow_temple_1_default, grunt_temple_overflow_open, uniq_jessica
D:3:      overflow_temple_1_default, overflow_temple_1_default, uniq_terence,
          uniq_ijyb
D:4:      temple_hall_moat, hangedman_decor_clover_reticule

Skill      XL: |  1 |
---------------+----+-----
Fighting       | 2 |  2.3
Dodging        | |  1.5
Stealth        | |  1.5
Spellcasting   | |  1.5
Conjurations   | |  4.0

Action                   || total
-------------------------++-------
Melee: Unarmed           ||    32
       Mace              ||     7
 Cast: Magic Dart        ||    27
  Use: Potion            ||     3
Armor: Robe              ||    15
Dodge: Dodged            ||    52

Table legend:
 A = Spawn XP
 B = Non-spawn XP
 C = Spawn XP percentage of total XP
 D = Spawn monster count
 E = Non-spawn monster count
 F = Spawn count percentage of total count
 G = Total turns spent on level
                    A         B        C        D         E        F      G
               +---------+---------+-------+---------+---------+-------+---------
         Total |       0 |      17 |   0.0 |       0 |      11 |   0.0 |   333
               +---------+---------+-------+---------+---------+-------+---------
           D:1 |       0 |       4 |   0.0 |       0 |       2 |   0.0 |    63
           D:2 |       0 |       5 |   0.0 |       0 |       4 |   0.0 |   109
           D:3 |       0 |       5 |   0.0 |       0 |       4 |   0.0 |   113
           D:4 |       0 |       3 |   0.0 |       0 |       1 |   0.0 |    48
               +---------+---------+-------+---------+---------+-------+---------
